 Dungeon Crawl Stone Soup version 0.31.0-11-ge490571c62 (webtiles) character file.

Game seed: 17615189084713322121

4 mopl the Caller (level 1, -1/10 HPs)
             Began as a Tengu Summoner on Feb 7, 2024.
             Slain by a goblin
             ... wielding a +0 dagger
              (3 damage)
             ... on level 1 of the Dungeon.
             The game lasted 00:00:17 (160 turns).

mopl the Caller (Tengu Summoner)                     Turns: 160, Time: 00:00:17

Health: -1/10      AC:  2    Str:  8    XL:     1   Next: 70%
Magic:  4/4        EV: 12    Int: 15    God:
Gold:   0          SH:  0    Dex: 14    Spells: 3/4 levels left

rFire   . . .        (no weapon)
rCold   . . .        (no shield)
rNeg    . . .        a - +0 robe
rPois   .            (helmet restricted)
rElec   .            (no cloak)
rCorr   .            (no gloves)
SInv    .            (boots unavailable)
Will    .....        (no amulet)
Stlth   ++           (no ring)
HPRegen 0.21/turn    (no ring)
MPRegen 0.09/turn

%: acrobat
@: no status effects
A: beak, talons 3, acrobatic
a: no special abilities


You were on level 1 of the Dungeon.
You visited 1 branch of the dungeon, and saw 1 of its levels.

Inventory:

Armour
 a - a +0 robe (worn)
Potions
 b - a potion of magic


   Skills:
 - Level 2.1 Dodging
 - Level 2.0 Stealth
 + Level 2.2 Spellcasting
 + Level 5.0 Summonings


You had 3 spell levels left.
You knew the following spells:

 Your Spells              Type           Power      Damage    Failure   Level
a - Summon Small Mammal   Summ           64%        N/A       2%          1

Your spell library contained the following spells:

 Spells                   Type           Power      Damage    Failure   Level
 Call Imp                 Summ           32%        N/A       4%          2
 Call Canine Familiar     Summ           16%        N/A       9%          3
 Summon Blazeheart Golem  Fire/Summ      9%         N/A       61%         4
 Summon Lightning Spire   Summ/Air       9%         N/A       61%         4


Dungeon Overview and Level Annotations

Branches:
Dungeon (1/15)

Altars:


Innate Abilities, Weirdness & Mutations

You have a beak for a mouth.
You have claws for feet.
You can magically evade attacks while moving or waiting.


Message History

HP restored.
The goblin shouts!
You hear a shout!
You hit the goblin. Your peck misses the goblin.
The goblin is moderately wounded.
The goblin hits you with a +0 club.
You hit the goblin but do no damage. Your kick misses the goblin.
The goblin is moderately wounded.
A goblin comes into view. It is wielding a +0 dagger.
The goblin hits you with a +0 club.
You are too injured to fight recklessly!
You are too injured to fight recklessly!
You completely miss the goblin.
The goblin shouts!
You claw the goblin.
You kill the goblin!
Your Summonings skill increases to level 5!
You closely miss the goblin. You claw the goblin, but do no damage.
You punch the goblin, but do no damage. The goblin hits you with a +0 dagger.
You barely miss the goblin. Your kick misses the goblin.
The goblin completely misses you.
You hit the goblin.
The goblin is moderately wounded.
The goblin hits you but does no damage.
You hit the goblin but do no damage. You claw the goblin, but do no damage.
Your peck misses the goblin.
The goblin is moderately wounded.
The goblin barely misses you.
You closely miss the goblin.
The goblin is moderately wounded.
The goblin hits you with a +0 dagger.
You are too injured to fight recklessly!
You are too injured to fight recklessly!
You closely miss the goblin.
The goblin is moderately wounded.
The goblin hits you with a +0 dagger.
* * * LOW HITPOINT WARNING * * *
You hit the goblin.
The goblin is heavily wounded.
The goblin hits you with a +0 dagger.
You die...

#.#.# #.#
######'##########
#.#.# #.# #..# ##.#†#
#.# #.## .#.#.# #.#
#.# .#.#.####.# #.#
.#.#.#....# #.#
.#.#.#.#### #.#
..........#########.#
##.............g@...#
#######.#########.###
..........# #.#
#######.#.# #.# #.#.#
#.# #.#.# #.# #.#.#
#^# #.#.#######.#
#.#.........#


You could see a goblin.

Vanquished Creatures
  2 goblins (D:1)
  A hobgoblin (D:1)
  A bat (D:1)
4 creatures vanquished.

Notes
Turn   | Place    | Note
-------+----------+-------------------------------------------
     0 | D:1      | mopl the Tengu Summoner began the quest for the Orb.
     0 | D:1      | Reached XP level 1. HP: 10/10 MP: 4/4
   135 | D:1      | Reached skill level 5 in Summonings
   160 | D:1      | Slain by a goblin

Illustrated notes

Levels and vault maps discovered:
D:1:      co_arrival_random_square_maze, layout_basic

Skill      XL: |  1 |
---------------+----+-----
Summonings     | 5 |  5.0
Dodging        | |  2.1
Stealth        | |  2.0
Spellcasting   | |  2.2

Action                     || total
---------------------------++-------
  Melee: Unarmed           ||    24
         Kick              ||     4
         Peck              ||     4
         Punch             ||     1
   Stab: Sleeping          ||     2
 Armour: Robe              ||    10
  Dodge: Dodged            ||    11
